 Dungeon Crawl Stone Soup version 0.30-a0-335-ge5acde7520 (webtiles) character file.

Game seed: 4590999393011273029

595 billz999 the Trooper (level 7, -5/71 HPs)
             Began as an Ogre Air Elementalist on Oct 30, 2022.
             Slain by Pikel
             ... wielding a +2 whip of freezing
              (11 damage)
             ... on level 4 of the Dungeon.
             The game lasted 00:13:07 (5755 turns).

billz999 the Trooper (Ogre Air Elementalist)        Turns: 5755, Time: 00:13:08

Health: -5/71      AC:  5    Str: 13    XL:     7   Next: 40%
Magic:  9/11       EV: 10    Int: 18    God:
Gold:   262        SH:  0    Dex:  9    Spells: 8/12 levels left

rFire   . . .      SeeInvis .    r - +6 club (freeze)
rCold   . . .      Faith    .    (no shield)
rNeg    . . .      Spirit   .    a - +0 robe
rPois   .          Reflect  .    (helmet restricted)
rElec   .          Harm     .    z - +1 cloak {rCorr}
rCorr   +          Rampage  .    (gloves unavailable)
Will    +....                    (boots unavailable)
Stlth   ++........               (no amulet)
HPRegen 0.31/turn                A - ring of willpower
MPRegen 0.12/turn                (no ring)

@: no status effects
A: large, unfitting armour, tough skin 1
a: no special abilities


You were on level 4 of the Dungeon.
You visited 1 branch of the dungeon, and saw 5 of its levels.

You collected 385 gold pieces.
You spent 123 gold pieces at shops.

Inventory:

Hand Weapons
 k - a +0 sling
 p - a +1 trident of flaming
 r - a +6 club of freezing (weapon)
Missiles
 c - 12 poisoned darts
Armour
 a - a +0 robe (worn)
 w - a +0 cloak
 z - a +1 cloak of preservation (worn)
Magical Staves
 d - a staff of death
Jewellery
 A - a ring of willpower (left hand)
Scrolls
 g - 2 scrolls of vulnerability {unknown}
 h - 6 scrolls of identify {unknown}
 i - 2 scrolls of noise {unknown}
 m - 2 scrolls of butterflies {unknown}
 o - a scroll of magic mapping {unknown}
 q - a scroll of immolation {unknown}
 s - a scroll of fear {unknown}
 u - a scroll of teleportation {unknown}
 y - a scroll of enchant armour {unknown}
Potions
 b - a potion of magic
 e - 3 potions of heal wounds
 f - 3 potions of haste {unknown}
 j - 2 potions of might {unknown}
 l - 2 potions of flight {unknown}
 n - a potion of brilliance {unknown}
 t - a potion of curing {unknown}
 v - a potion of cancellation {unknown}
 x - a potion of ambrosia {unknown}


   Skills:
 + Level 4.3 Fighting
 * Level 4.2 Maces & Flails
 - Level 2.3 Dodging
 - Level 2.0 Stealth
 - Level 3.0 Spellcasting
 - Level 3.0 Conjurations
 - Level 3.1 Air Magic


You had 8 spell levels left.
You knew the following spells:

 Your Spells              Type           Power      Damage    Failure   Level
a - Shock                 Conj/Air       52%        1d6       4%          1
b - Mephitic Cloud        Conj/Pois/Air  10%        N/A       22%         3

Your spell library contained the following spells:

 Spells                   Type           Power      Damage    Failure   Level
 Magic Dart               Conj           52%        1d5       4%          1
 Static Discharge         Conj/Air       26%        2-4/arc   7%          2
 Swiftness                Air            14%        N/A       14%         3
 Apportation              Tloc           4%         N/A       16%         1
 Necrotise                Necr           8%         1d4       16%         1
 Summon Small Mammal      Summ           8%         N/A       16%         1
 Call Imp                 Summ           2%         N/A       24%         2
 Airstrike                Air            7%         2d(1-17)  41%         4


Dungeon Overview and Level Annotations

Branches:
Dungeon (5/15)
 Temple: D:4-7

Altars:
Hepliaklqana
Okawaru
Yredelemnul

Shops:
D:5 ?

Annotations:
D:4 Pikel


Innate Abilities, Weirdness & Mutations

You are too large for most types of armour.
You have tough skin. (AC +1)


Message History

Pikel freezes you.
You closely miss Pikel.
Pikel is moderately wounded.
Pikel closely misses you.
You hit Pikel but do no damage.
Pikel is moderately wounded.
Pikel hits you with a +2 whip of freezing!
Pikel freezes you.
Your magical contamination has completely faded away.
You barely miss Pikel.
Pikel is moderately wounded.
Pikel closely misses you.
You hit Pikel but do no damage.
Pikel is moderately wounded.
Pikel completely misses you.
You barely miss Pikel.
Pikel is moderately wounded.
Pikel completely misses you.
You completely miss Pikel.
Pikel is moderately wounded.
Pikel hits you with a +2 whip of freezing.
Pikel freezes you.
You sock Pikel! You freeze Pikel.
Pikel is severely wounded.
Pikel hits you with a +2 whip of freezing.
Pikel freezes you.
You hit Pikel but do no damage.
Pikel is severely wounded.
Pikel barely misses you.
You barely miss Pikel.
Pikel is severely wounded.
Pikel barely misses you.
You closely miss Pikel.
Pikel is severely wounded.
Pikel hits you with a +2 whip of freezing!
* * * LOW HITPOINT WARNING * * *
Pikel freezes you.
* * * LOW HITPOINT WARNING * * *
Pikel hits you with a +2 whip of freezing!
You die...

...#.....o...##...##..........##.
.............##........#>..#..#..
.........##..###.)....##...##....
.......####..####)....###..###..#
......## ##..##......# #..# #..#
.....#######..#..##...###..# ##.#
......g.g.......###....##..###...
.......o........##.........##..##
..#......####..K@.............###
.##....### #.........#......##
.###..## ###........##......## ##
#..#####......#...###...#..# #
##.......#....#...##...###.### #
#..#######.......##...# #....
#.## #....##......# #.... #.#
#....###.....###.... #####.#
#....# #.....##.....


You could see Pikel.

Vanquished Creatures
  A centaur (D:5)
  A phantom (D:5)
  A lemure (D:3)
  Blork the orc (D:4)
  A hound (D:5)
  2 jellies
  Jessica (D:2)
  An orc wizard (D:4)
  An iguana (D:4)
  4 adders
  10 gnolls
  A shadow imp (D:5)
  2 ufetubi
  6 orcs
  4 bats
  3 endoplasms (D:2)
  3 goblins
  4 hobgoblins
  7 jackals
  A quokka (D:1)
  7 ball pythons
  4 frilled lizards
  2 kobolds
  5 rats
73 creatures vanquished.

Notes
Turn   | Place    | Note
-------+----------+-------------------------------------------
     0 | D:1      | billz999 the Ogre Air Elementalist began the quest for the
                  | Orb.
     0 | D:1      | Reached XP level 1. HP: 16/16 MP: 3/3
   246 | D:1      | Reached skill level 1 in Conjurations
   431 | D:1      | Reached XP level 2. HP: 24/24 MP: 1/5
  1220 | D:2      | Reached XP level 3. HP: 30/31 MP: 0/7
  1528 | D:2      | Noticed Jessica
  1549 | D:2      | Killed Jessica
  1550 | D:2      | Reached XP level 4. HP: 34/39 MP: 2/8
  1960 | D:2      | Reached skill level 1 in Fighting
  2038 | D:3      | Reached skill level 1 in Maces & Flails
  2351 | D:3      | Found a basalt altar of Yredelemnul.
  3237 | D:4      | Reached XP level 5. HP: 11/48 MP: 5/9
  3798 | D:4      | Noticed Blork the orc
  3837 | D:4      | Killed Blork the orc
  3838 | D:4      | Reached XP level 6. HP: 26/59 MP: 1/10
  4359 | D:4      | Found an iron altar of Okawaru.
  4530 | D:5      | Entered Level 5 of the Dungeon
  4841 | D:5      | Learned a level 3 spell: Mephitic Cloud
  4872 | D:5      | Reached XP level 7. HP: 40/68 MP: 1/11
  5106 | D:5      | Found a hazy altar of Hepliaklqana.
  5141 | D:5      | Found Xum Lus's Magic Scroll Shop.
  5191 | D:5      | Bought a scroll of brand weapon for 123 gold pieces
  5525 | D:5      | Noticed Pikel
  5755 | D:4      | Slain by Pikel

Illustrated notes

Levels and vault maps discovered:
D:1:      psy_arrival_dodecagon, layout_rooms, supply_closet_lemuel,
          palyth_stone_intersect, dk_noncrumbling_3, grunt_decor_fettered
D:2:      layout_loops_ring, hangedman_decor_lopped, uniq_jessica
D:3:      layout_loops_ring, lemuel_doored_altar
D:4:      layout_layer_cave, kennysheep_mini, uniq_blork_the_orc
D:5:      layout_layer_cave, worldfamousw_hep_ancestral_shrine, serial_shops,
          nicolae_shop_advertising_works [nicolae_subvault_shop_adworks],
          uniq_pikel

Skill      XL: |  1  2  3  4  5  6  7 |
---------------+----------------------+-----
Conjurations   | 1 2 3 |  3.0
Dodging        | 2 |  2.3
Air Magic      | 3 |  3.1
Stealth        | 2 |  2.0
Spellcasting   | 3 |  3.0
Fighting       | 1 2 3 4 |  4.3
Maces & Flails | 1 2 3 4 |  4.2

Action                   |  1- 3 |  4- 6 |  7- 9 || total
-------------------------+-------+-------+-------++-------
Melee: Staff             |    11 |       |       ||    11
       Club              |       |    20 |    38 ||    58
       Trident           |       |     1 |       ||     1
 Cast: Shock             |    69 |   106 |    40 ||   215
       Mephitic Cloud    |       |       |     1 ||     1
  Use: Potion            |       |       |     2 ||     2
       Scroll            |       |       |     1 ||     1
Armor: Robe              |    10 |    22 |    11 ||    43
Dodge: Dodged            |    10 |    38 |    30 ||    78

Table legend: (Time is in decaauts)
 A = Elapsed time spent in this place.
 B = Non-inter-level travel time spent in this place.
 C = Inter-level travel time spent in this place.
 D = Time resting spent in this place.
 E = Time spent auto-exploring this place.
 F = Levels seen in this place.
 G = Mean time per level.
                   A        B        C        D        E       F      G
               +--------+--------+--------+--------+--------+-----+--------+
         Total |   5762 |   5569 |    193 |    224 |   4752 |   5 | 1152.4 |
       Dungeon |   5762 |   5569 |    193 |    224 |   4752 |   5 | 1152.4 |
               +--------+--------+--------+--------+--------+-----+--------+

Top non-repeatable levels by time:
     D:4: 1623 daAuts
     D:2: 1327 daAuts
     D:3: 1086 daAuts
     D:5: 1021 daAuts
     D:1: 703 daAuts
